AoeStats
← miguelon01

Arena

509768598Analyzed
4v4 RM · 4d ago on Sep 27, 2026· 24m 11s· 8 players
Game mode
Random Map
Map size
Large (8 player)
Population
200
Speed
Normal
Resources
Standard
Victory
Conquest
Starting age
Dark Age
Ending age
Imperial Age
RankedLock teamsTeams togetherTeam positionsShared explorationLock speedFull tech treeHidden civsTurbo modeCheats
Victory
Defeat
🇲🇽 Varangians · Mexico
1211
+13
🇺🇸 Goths · United States
1168
+15
🇨🇴 Bohemians · Colombia
1123
+17
🇨🇴 Mongols · Colombia
983
+22
🇧🇷 Persians · Brazil
1154
-17
🇮🇹 Celts · Italy
1147
-17
🇸🇪 Romans · Sweden
1138
-17
🇦🇷 Saracens · Argentina
1120
-16
TheDuff_KøK
10:29 Feudal Age
14:02 Castle Age
12:22 Horse Collar
12:47 Double-Bit Axe
15:09 Wheelbarrow
15:51 Heavy Plow
18:35 Loom
Tikka Masala
11:09 Feudal Age
12:02 Double-Bit Axe
14:48 Castle Age
12:42 Horse Collar
15:50 Bow Saw
19:25 Loom
22:14 Wheelbarrow
23:30 Gold Mining
[RbF] Stickly
10:24 Feudal Age
11:04 Loom
15:11 Castle Age
12:54 Horse Collar
14:30 Double-Bit Axe
22:09 Wheelbarrow
miguelon01
11:43 Feudal Age
17:05 Castle Age
15:38 Stone Mining
16:23 Double-Bit Axe
16:42 Horse Collar
16:57 Gold Mining
19:24 Fletching
24:15 Wheelbarrow
ELEG VACASADA
10:17 Feudal Age
10:39 Loom
14:25 Castle Age
17:37 Double-Bit Axe
23:50 Horse Collar
8oE.SSilva
0:52 Loom
10:57 Feudal Age
12:34 Wheelbarrow
15:25 Castle Age
13:49 Horse Collar
13:54 Double-Bit Axe
24:29 Hand Cart
24:26 Bow Saw
calmilo
11:05 Feudal Age
9:21 Loom
12:51 Town Watch
15:58 Castle Age
16:00 Double-Bit Axe
17:25 Bow Saw
16:57 Horse Collar
20:36 Wheelbarrow
23:11 Fletching
8oE.Pedro
10:15 Feudal Age
14:27 Castle Age
12:18 Double-Bit Axe
12:39 Loom
22:22 Fletching
Connection lost

Rejoining the realm…

Still unreachable

The connection could not be restored.

Session expired

The server has moved on; the page needs a fresh start.